 Dungeon Crawl Stone Soup version 0.28.0-45-g0d030f2227 (webtiles) character file.

Game seed: 8516902071179926733

60 issech the Cudgeller (level 3, -5/36 HPs)
             Began as a Troll Monk on Apr 17, 2022.
             Slain by Robin
             ... wielding a +2 short sword of electrocution
              (19 damage)
             ... on level 3 of the Dungeon.
             The game lasted 00:04:34 (1675 turns).

issech the Cudgeller (Troll Monk)                   Turns: 1675, Time: 00:04:35

Health: -5/36      AC:  8    Str: 19    XL:     3   Next: 82%
Magic:  2/2        EV: 10    Int:  6    God:
Gold:   88         SH:  0    Dex: 14    Spells: 2/2 levels left

rFire   . . .      SeeInvis .   a - +0 mace
rCold   . . .      Faith    .   (no shield)
rNeg    . . .      Spirit   .   b - +0 robe
rPois   .          Reflect  .   (helmet restricted)
rElec   .          Harm     .   (no cloak)
rCorr   .          Rampage  .   (gloves unavailable)
Will    .....                   (boots unavailable)
Stlth   ++........              (no amulet)
HPRegen 0.92/turn               k - +4 ring of protection
MPRegen 0.08/turn               (no ring)

@: no status effects
A: large, unfitting armour, claws 3, regeneration 1, shaggy fur 1, tough skin 1
a: no special abilities


You were on level 3 of the Dungeon.
You visited 1 branch of the dungeon, and saw 3 of its levels.

You collected 88 gold pieces.

Inventory:

Hand Weapons
 a - a +0 mace (weapon)
Missiles
 c - 51 bolts
 h - 48 stones (quivered)
 p - 5 poisoned darts
Armour
 b - a +0 robe (worn)
Jewellery
 k - a +4 ring of protection (left claw)
Scrolls
 d - 3 scrolls of teleportation {unknown}
 g - a scroll of fog {unknown}
 i - a scroll of holy word {unknown}
 m - a scroll of amnesia {unknown}
 n - a scroll of identify {unknown}
 q - a scroll of summoning {unknown}
Potions
 e - a potion of might {unknown}
 f - a potion of cancellation {unknown}
 j - 3 potions of flight {unknown}
 l - a potion of heal wounds {unknown}
 o - a potion of magic {unknown}


   Skills:
 + Level 2.9 Fighting
 + Level 3.4 Maces & Flails
 + Level 0.2 Throwing
 + Level 2.7 Dodging
 + Level 1.2 Stealth


You had 2 spell levels left.
You didn't know any spells.
Your spell library contained the following spells:

 Spells                   Type           Power      Damage    Failure   Level
 Scorch                   Fire           0%         2d5       58%         2
 Flame Wave               Conj/Fire      0%         2d4       99%         4
 Summon Cactus Giant      Summ           0%         N/A       100%        6


Dungeon Overview and Level Annotations

Branches:
Dungeon (3/15)

Altars:

Annotations:
D:3 Robin


Innate Abilities, Weirdness & Mutations

You are too large for most types of armour.
You have claws for hands.
Your natural rate of healing is unusually fast.
You are covered in fur. (AC +1)
You have tough skin. (AC +1)


Message History

Robin throws the goblin at you! The goblin closely misses you.
Things that are here:
a +0 dagger; a goblin corpse You barely miss Robin.
Robin hits you with a +2 short sword of electrocution.
The goblin closely misses you. Robin hits you but does no damage.
You are electrocuted!
The goblin shouts!
You hit Robin.
Robin is lightly wounded.
The goblin hits you but does no damage.
Robin says, "My goblins will feast on your bones."
Robin closely misses you. The goblin hits you with a +0 club.
You sock Robin!
Robin is heavily wounded.
Robin says, "A pitiful Troll like you will never find the ORB!"
Robin closely misses you. The goblin barely misses you.
You hit Robin but do no damage.
Robin is heavily wounded.
Robin barely misses you. The goblin hits you but does no damage.
You hit Robin.
Robin is severely wounded.
Robin hits you but does no damage. The goblin hits you with a +0 club.
You closely miss Robin.
Robin is severely wounded.
Robin closely misses you. The goblin hits you with a +0 club.
Robin says, "My goblins will feast on your bones."
Robin hits you but does no damage. The goblin closely misses you.
You closely miss Robin.
Robin is severely wounded.
The goblin no longer looks unusually strong. x2
Robin closely misses you. The goblin hits you but does no damage.
You hit Robin.
Robin is almost dead.
Robin hits you but does no damage. The goblin closely misses you.
You closely miss Robin.
Robin is almost dead.
Robin hits you but does no damage.
You are electrocuted!!
Ouch! That really hurt!
You die...

#.# #.#
########.#
#......#g#
#.####.#g#
#.#..#.#g#
#.#..#.#g#
#.#<...#@#
#.######g#
#........#####..
########........
#........
#...)....
#######.. #


You could see Robin, a hobgoblin (strong) and 3 goblins.

Vanquished Creatures
  An adder (D:2)
  A worm (D:2)
  3 dart slugs (D:1)
  2 ball pythons
  5 endoplasms
  A giant cockroach (D:2)
  2 goblins
  5 hobgoblins
  A jackal (D:2)
  A kobold (D:1)
  A quokka (D:2)
  6 bats
  4 frilled lizards
  9 rats (D:1)
42 creatures vanquished.

Notes
Turn   | Place    | Note
-------+----------+-------------------------------------------
     0 | D:1      | issech the Troll Monk began the quest for the Orb.
     0 | D:1      | Reached XP level 1. HP: 22/22 MP: 0/0
   104 | D:1      | Reached XP level 2. HP: 29/29 MP: 1/1
   435 | D:1      | Reached skill level 3 in Maces & Flails
   805 | D:1      | Reached XP level 3. HP: 36/36 MP: 2/2
  1659 | D:3      | Noticed Robin
  1675 | D:3      | Slain by Robin

Illustrated notes

Levels and vault maps discovered:
D:1:      dpeg_arrival_ratfight, layout_loops_corners
D:2:      layout_loops_ring, minmay_pentomino_s4
D:3:      layout_basic, uniq_robin, uniq_sigmund

Skill      XL: |  1  2 |
---------------+-------+-----
Maces & Flails | 3 |  3.4
Fighting       | |  2.9
Throwing       | |  0.2
Dodging        | |  2.7
Stealth        | |  1.2

Action                   || total
-------------------------++-------
Melee: Mace              ||   109
       Punch             ||     1
Throw: Stone             ||    16
 Stab: Sleeping          ||     2
Armor: Robe              ||    66
Dodge: Dodged            ||    73
